 Dungeon Crawl Stone Soup version 0.18.1-8-gdd0e5ea (webtiles) character file.

90 Shearov the Magician (level 4, -10/24 HPs)
             Began as a Deep Elf Fire Elementalist on June 1, 2016.
             Killed by divine providence
             ... invoked by an orc priest
              (11 damage)
             ... on level 3 of the Dungeon.
             The game lasted 00:07:37 (1876 turns).

Shearov the Magician (Deep Elf Fire Elementalist)   Turns: 1876, Time: 00:07:38

Health: -10/24     AC:  9    Str:  6    XL:     4   Next: 32%
Magic:  12/12      EV: 13    Int: 20    God:
Gold:   112        SH:  0    Dex: 15    Spells: 2 memorised, 8 levels left

rFire  . . .     SeeInvis .     x - staff of cold
rCold  + . .     Gourm    .     g - +2 robe {rN+}
rNeg   + . .     Faith    .     (no shield)
rPois  .         Spirit   .     u - +0 hat
rElec  .         Dismiss  .     (no cloak)
rCorr  .         Reflect  .     (no gloves)
SustAt .         Harm     .     (no boots)
MR     .....                    (no amulet)
Stlth  ++........               (no ring)
                                m - +5 ring of protection

@: not resistant to hostile enchantments, unstealthy
A: no striking features
a: no special abilities


You were on level 3 of the Dungeon.
You were hungry.

You visited 1 branch of the dungeon, and saw 3 of its levels.

You collected 112 gold pieces.

Inventory:

Hand Weapons
 v - a +1 short sword of draining
Armour
 a - a +0 robe
 g - a +2 robe of positive energy (worn)
 u - a +0 hat (worn)
Magical Staves
 x - an uncursed staff of cold (weapon)
Jewellery
 m - a +5 ring of protection (left hand)
Scrolls
 k - 2 scrolls of identify
Potions
 e - a potion of brilliance
 h - a potion of cancellation
 j - a potion of curing
 l - a potion of lignification {unknown}
 n - a potion of agility {unknown}
 t - a potion of resistance {unknown}
Books
 b - a book of Flames

   Spells                             Type                      Level
   a - Flame Tongue                   Conjuration/Fire             1
   b - Throw Flame                    Conjuration/Fire             2
   c - Conjure Flame                  Conjuration/Fire             3
   d - Inner Flame                    Hexes/Fire                   3
   e - Sticky Flame                   Conjuration/Fire             4
   f - Fireball                       Conjuration/Fire             5
Comestibles
 c - 3 bread rations
 p - 2 meat rations
 r - 2 slices of pizza


   Skills:
 + Level 0.4 Fighting
 + Level 2.6 Dodging
 + Level 2.7 Stealth
 * Level 4.6 Spellcasting
 + Level 1.4 Conjurations
 * Level 4.3 Fire Magic


You had 8 spell levels left.
You knew the following spells:

 Your Spells              Type           Power        Failure   Level  Hunger
a - Flame Tongue          Conj/Fire      #....        3%          1    None
b - Conjure Flame         Conj/Fire      #.......     12%         3    ##.....


Dungeon Overview and Level Annotations

Branches:
Dungeon (3/15)

Altars:


Message History

The orc is lightly wounded.
The orc shouts!
The orc hits you but does no damage.
Read which item? (? for menu, Esc to quit)
As you read the scroll labeled IBREJO ZIUSECK, it crumbles to dust.
You feel aware of your surroundings.
It was a scroll of magic mapping.
An orc priest opens the door.
Drink which item? (? for menu, Esc to quit)
Okay, then.
That item cannot be evoked!
The orc priest shouts!
The orc closely misses you.
The orc priest mumbles some strange prayers to Beogh against you.
Beogh smites you!
* * * LOW HITPOINT WARNING * * *
The orc priest calls upon Beogh to heal the orc.
The orc's wounds heal themselves!
The orc priest invokes the aid of Beogh against you.
Beogh smites you!
You die...

.##########....#####*,,,,,****,*,
.......)...........#*,,,,,,,,,,*,
.......#...........#*,,.,,,,,,,*,
............oo.....#*,..,,,,,,,**
............#......#,...,,,,,,,,,
.........#.##.o....#....,,,,,,,*,
.##.....o#o##...........,,,,,,,*,
........o...#...o..##..,,,,,,,,*,
.........)..####@..#*,,,,,,,,,,,,
..(.....................,,<,,,,,,
...#.#..................,,,,,,,,,
.###.#..................,,,,,,,*,
.....#.........#........,,,,,,,*,
#...####.......#........,,,,,,,*,
....#..........####.....,**,,,,**
....#.###......#***.....,,,,,,,,*
.................,,,,,,,,,,,,,,,*


You could see an orc priest and 3 orcs.

Vanquished Creatures
  4 adders
  2 oozes
  A worm (D:2)
  A giant gecko (D:1)
  2 orcs (D:3)
  3 giant cockroaches
  7 hobgoblins
  6 kobolds
  4 bats
  2 giant newts
  4 goblins
  6 rats
42 creatures vanquished.

Notes
Turn   | Place    | Note
--------------------------------------------------------------
     0 | D:1      | Shearov the Deep Elf Fire Elementalist began the quest for the Orb.
     0 | D:1      | Reached XP level 1. HP: 10/10 MP: 6/6
   125 | D:1      | Reached XP level 2. HP: 13/15 MP: 5/8
   963 | D:2      | Reached XP level 3. HP: 19/19 MP: 6/10
   968 | D:2      | Learned a level 3 spell: Conjure Flame
  1524 | D:2      | Reached XP level 4. HP: 22/24 MP: 7/12
  1871 | D:3      | HP: 1/24 [orc priest/divine providence (11)]
  1876 | D:3      | Killed from afar by an orc priest

Skill      XL: |  1  2  3 |
---------------+----------+-----
Fire Magic     | 4 |  4.3
Spellcasting   | 4 |  4.6
Fighting       | |  0.4
Dodging        | |  2.6
Stealth        | |  2.7
Conjurations   | |  1.4

Action                   |  1- 3 |  4- 6 || total
-------------------------+-------+-------++-------
Melee: Unarmed           |     2 |       ||     2
 Cast: Flame Tongue      |    61 |    17 ||    78
  Use: Scroll            |       |     9 ||     9
       Potion            |       |     3 ||     3
  Eat: Chunk             |     1 |     1 ||     2
Armor: Robe              |     5 |     3 ||     8
Dodge: Dodged            |    13 |     8 ||    21
